 Dungeon Crawl Stone Soup version 0.30.1-11-g7821555f0a (webtiles) character file.

Game seed: 1081536518082751295

36930 Ijustatesigmund the Thaumaturge (level 13, -9/73 HPs)
             Began as a Deep Elf Earth Elementalist on Dec 11, 2023.
             Was a High Priest of Vehumet.
             Engulfed by a cloud of flame (14 damage)
             ... on level 15 of the Dungeon.
             The game lasted 00:51:33 (19185 turns).

Ijustatesigmund the Thaumaturge (DEEE)             Turns: 19185, Time: 00:51:34

Health: -9/73      AC:  5    Str:  5    XL:     13   Next: 55%
Magic:  33/42      EV: 21    Int: 31    God:    Vehumet [*****.]
Gold:   2061       SH:  0    Dex: 20    Spells: 11/41 levels left

rFire   . . .        e - +5 demon blade (freeze)
rCold   . . .        (no shield)
rNeg    . . .        v - +1 robe "Siot Tadd" {*Corrode +Blink Int+5 Stlth+}
rPois   .            F - +0 helmet "Toykuxko" {Dex+5}
rElec   .            t - +1 cloak
rCorr   .            (no gloves)
SInv    .            o - +2 pair of boots
Will    +....        m - amulet of the acrobat
Stlth   +++          q - +5 ring of evasion
HPRegen 0.32/turn    H - ring of magical power
MPRegen 0.28/turn

%: corrode self (3%), acrobat
@: corroded, on blink cooldown
A: no striking features
a: Renounce Religion, Evoke Blink


You were on level 15 of the Dungeon.
You worshipped Vehumet.
Vehumet was extremely pleased with you.
You visited 2 branches of the dungeon, and saw 16 of its levels.

You collected 2314 gold pieces.
You spent 253 gold pieces at shops.

Inventory:

Hand Weapons
 d - a +4 short sword
 e - a +5 demon blade of freezing (weapon)
 y - a +3 falchion of holy wrath
Missiles
 z - 7 throwing nets
Armour
 a - +0 acid dragon scales
 o - a +2 pair of boots (worn)
 t - a +1 cloak (worn)
 v - the +1 robe "Siot Tadd" (worn) {*Corrode +Blink Int+5 Stlth+}
   (You found it on level 7 of the Dungeon)

   Int:       It affects your intelligence (+5).
   +Blink:    It lets you blink.
   *Corrode:  It may corrode you when you take damage.
   Stlth:     It makes you more stealthy.
 F - the +0 helmet "Toykuxko" (worn) {Dex+5}
   (You found it on level 9 of the Dungeon)

   Dex:       It affects your dexterity (+5).
Magical Staves
 x - a staff of conjuration
Jewellery
 m - an amulet of the acrobat (around neck)
 p - a ring of fire
 q - a +5 ring of evasion (left hand)
 B - an amulet of guardian spirit
 H - a ring of magical power (right hand)
Wands
 b - a wand of charming (13)
 u - a wand of roots (9)
 A - a wand of mindburst (11)
 G - a wand of polymorph (2)
 L - a wand of quicksilver (4)
 M - a wand of flame (16)
Scrolls
 f - 7 scrolls of identify
 g - 2 scrolls of magic mapping
 h - a scroll of butterflies
 r - 2 scrolls of fog
 D - 3 scrolls of poison
 I - a scroll of amnesia
 J - 4 scrolls of teleportation
 K - 2 scrolls of immolation
 Q - a scroll of enchant armour
Potions
 c - 4 potions of heal wounds
 i - a potion of brilliance
 j - a potion of invisibility
 k - 6 potions of curing
 l - 2 potions of ambrosia
 n - 2 potions of resistance
 s - 4 potions of mutation
 w - 4 potions of attraction
 C - a potion of berserk rage
 E - 2 potions of might
 N - a potion of cancellation
 O - a potion of flight
 P - a potion of lignification {unknown}


   Skills:
 + Level 5.6 Fighting
 - Level 4.6 Long Blades
 - Level 5.9 Dodging
 - Level 2.4 Stealth
 + Level 14.7 Spellcasting
 - Level 10.6 Conjurations
 - Level 7.9 Translocations
 - Level 1.1 Transmutations
 + Level 7.2 Fire Magic
 - Level 4.9 Ice Magic
 - Level 3.5 Air Magic
 - Level 10.7 Earth Magic
 - Level 4.0 Poison Magic
 - Level 4.6 Evocations


You had 11 spell levels left.
You knew the following spells:

 Your Spells              Type           Power      Damage    Failure   Level
a - Sandblast             Erth           100%       2d20      1%          1
b - Stone Arrow           Conj/Erth      100%       3d13      1%          3
c - Mephitic Cloud        Conj/Pois/Air  57%        N/A       1%          3
d - Frozen Ramparts       Ice            100%       1d16      1%          3
e - Ignite Poison         Fire/Tmut/Pois 48%        N/A       1%          3
f - Poisonous Vapours     Pois/Air       92%        N/A       1%          2
g - Iskenderun's Mystic   Conj/Tloc      69%        2d14      1%          4
h - Starburst             Conj/Fire      33%        6d10      2%          6
i - Fireball              Conj/Fire      33%        3d14      1%          5

Your spell library contained the following spells:

 Spells                   Type           Power      Damage    Failure   Level
 Flame Wave               Conj/Fire      67%        2d15      1%          4
 Apportation              Tloc           100%       N/A       1%          1
 Foxfire                  Conj/Fire      100%       2x1d9     1%          1
 Freeze                   Ice            100%       1d10      1%          1
 Kiss of Death            Conj/Necr      100%       2d13      1%          1
 Magic Dart               Conj           100%       1d8       1%          1
 Necrotise                Necr           88%        1d8       1%          1
 Slow                     Hex            88%        N/A       1%          1
 Summon Small Mammal      Summ           88%        N/A       1%          1
 Cigotuvi's Dreadful Rot  Necr/Pois/Air  76%        N/A       1%          2
 Ensorcelled Hibernation  Hex/Ice        76%        N/A       1%          2
 Passwall                 Tmut/Erth      46%        N/A       1%          2
 Dazzling Flash           Conj/Hex       100%       N/A       1%          3
 Hailstorm                Conj/Ice       63%        3d13      1%          3
 Inner Flame              Hex/Fire       45%        N/A       1%          3
 Swiftness                Air            44%        N/A       1%          3
 Volatile Blastmotes      Fire/Tloc      100%       2d18      1%          3
 Petrify                  Tmut/Erth      56%        N/A       1%          4
 Freezing Cloud           Conj/Ice/Air   29%        6-21      1%          5
 Spider Form              Tmut/Pois      38%        N/A       2%          3
 Call Imp                 Summ           44%        N/A       3%          2
 Confusing Touch          Hex            22%        N/A       6%          3
 Vampiric Draining        Necr           22%        2d7       6%          3
 Ice Form                 Ice/Tmut       41%        N/A       6%          4
 Plasma Beam              Fire/Air       27%        2x1d43    10%         6
 Yara's Violent Unravell  Hex/Tmut       13%        3d7       12%         5
 Anguish                  Hex/Necr       11%        N/A       21%         4
 Dispel Undead            Necr           22%        3d12      21%         4
 Silence                  Hex/Air        16%        N/A       26%         5
 Agony                    Necr           22%        N/A       50%         5
 Simulacrum               Ice/Necr       19%        N/A       75%         6
 Enfeeble                 Hex            11%        N/A       100%        7


Dungeon Overview and Level Annotations

Branches:
Dungeon (15/15)            Temple (1/1) D:5            Lair (0/5) D:9
    Orc (0/2) D:12         Vaults (0/5) D:13
 Depths: D:15

Altars:
Ashenzari
Cheibriados
Dithmenos
Elyvilon
Fedhas
Gozag
Hepliaklqana
Kikubaaqudgha
Makhleb
Nemelex Xobeh
Okawaru
Qazlal
Ru
Sif Muna
Trog
Uskayaw
Vehumet
Wu Jian
Xom
Yredelemnul
Zin
The Shining One

Shops:
D:3 !   D:5 ?   D:6 *

Annotations:
D:3 1 runed translucent door, Crazy Yiuf
D:8 1 runed translucent door


Message History

The ball explodes into a vile cloud!
The stinking cloud engulfs the orc knight but does no damage.
The stinking cloud engulfs the orc but does no damage.
The orc throws a boomerang.
The boomerang closely misses you.
The orc is engulfed in noxious fumes.
The orc appears confused.
The orc is engulfed in noxious fumes.
The orc appears confused.
The orc hits the orc knight but does no damage.
The orc knight is engulfed in noxious fumes.
Casting: Mephitic Cloud (safe; 1% risk of failure)
Confirm with . or Enter, or press ? or * to list all spells.
You ignite the poison in your surroundings!
You feel stable enough to blink again.
The orc is engulfed in blazing flames.
You kill the orc!
Vehumet accepts your kill.
You feel your power returning.
The orc knight is engulfed in blazing flames.
The five-headed hydra is engulfed in blazing flames.
Casting: Ignite Poison (safe; 1% risk of failure)
Confirm with . or Enter, or press ? or * to list all spells.
You erupt in a blast of force!
The mystic blast hits the orc!
You kill the orc!
Vehumet accepts your kill.
You feel your power returning.
The mystic blast hits the orc knight!!
The orc knight is heavily wounded.
The orc knight is knocked back by the mystic blast.
The mystic blast hits the orc!!
You kill the orc!
Vehumet accepts your kill.
You feel your power returning.
The mystic blast hits the five-headed hydra!!
The five-headed hydra is severely wounded.
You feel much better. The five-headed hydra bites you.
The five-headed hydra barely misses you.
The five-headed hydra bites you! x2
* * * LOW HITPOINT WARNING * * *
The five-headed hydra bites you!
* * * LOW HITPOINT WARNING * * *
You blink.
You are engulfed in blazing flames.
You die...

############
#..........#
#.......(..#
#...[......# #
#..)<......#
#$#######)○[.).....#
#.......☼§☼[.......#
#........☼°o........
#.....§D§○@....[...#
#..[....○°########.#
#.....)...# #
...........#
##.........#
#.........#
#..........
#.........##


You could see a five-headed hydra and an orc knight (confused).

Vanquished Creatures
  An ironbound preserver (D:13)
  Harold (D:11)
  An ogre mage (D:14)
  2 catoblepae
  3 hydras
  2 boulder beetles
  10 two-headed ogres
  2 centaur warriors
  A sun demon (D:11)
  Lodul (D:11)
  3 deep elf pyromancers
  An orc knight (D:15)
  A necromancer (D:15)
  6 ugly things (D:14)
  3 manticores
  3 cyclopes
  A smoke demon (D:11)
  2 gargoyles
  Maggie (D:7)
  A komodo dragon (D:11)
  5 trolls
  A raiju (shapeshifter) (D:13)
  13 slime creatures
  A spriggan (shapeshifter) (D:15)
  2 shadows
  3 wyverns
  8 yaks
  A water elemental (D:11)
  6 wraiths
  3 basilisks
  2 steam dragons
  6 vampire mosquitoes
  Menkaure (D:4)
  4 acid dragons
  2 water moccasins (D:7)
  A black bear (D:7)
  2 sky beasts (D:7)
  5 orc warriors
  An ice beast (D:8)
  12 centaurs
  2 boggarts (D:15)
  13 ogres
  3 phantoms
  2 kobold brigands (D:7)
  4 bullfrogs
  A gnoll sergeant (D:9)
  2 scorpions
  11 killer bees
  An electric eel (D:11)
  2 howler monkeys
  3 quasits (D:11)
  7 hounds
  3 orc priests
  2 jellies
  4 gnoll boudas
  8 iguanas
  8 orc wizards
  A sleepcap (D:6)
  25 gnolls
  5 adders
  A shadow imp (D:7)
  2 white imps (D:7)
  2 ufetubi
  2 dart slugs
  31 orcs
  6 endoplasms
  5 goblins
  6 hobgoblins
  11 kobolds
  4 ball pythons
  7 bats
  3 rats (D:2)
312 creatures vanquished.

Vanquished Creatures (others)
  An acid dragon (D:7)
  A gnoll (D:7)
  A white imp (D:7)
3 creatures vanquished.

Grand Total: 315 creatures vanquished

Notes
Turn   | Place    | Note
-------+----------+-------------------------------------------
     0 | D:1      | Ijustatesigmund the Deep Elf Earth Elementalist began the
                  | quest for the Orb.
     0 | D:1      | Reached XP level 1. HP: 10/10 MP: 6/6
   169 | D:1      | Reached XP level 2. HP: 16/16 MP: 6/8
   979 | D:2      | Reached skill level 1 in Fighting
  1178 | D:2      | Reached XP level 3. HP: 20/20 MP: 7/10
  1646 | D:3      | Reached skill level 4 in Spellcasting
  2167 | D:3      | Found a runed translucent door.
  2168 | D:3      | Noticed Crazy Yiuf
  2388 | D:3      | Found Fagriumo's Distillery.
  2410 | D:3      | Bought a potion of heal wounds for 50 gold pieces
  2410 | D:3      | Bought a potion of curing for 30 gold pieces
  2597 | D:3      | Learned a level 3 spell: Stone Arrow
  2601 | D:3      | Learned a level 3 spell: Mephitic Cloud
  2679 | D:4      | Noticed a phantom
  2683 | D:4      | Reached skill level 1 in Conjurations
  2683 | D:4      | Reached XP level 4. HP: 25/25 MP: 8/12
  2690 | D:4      | Killed a phantom
  2691 | D:4      | Reached skill level 1 in Air Magic
  2691 | D:4      | Reached skill level 1 in Poison Magic
  2691 | D:4      | Reached XP level 5. HP: 28/29 MP: 3/13
  2710 | D:4      | Noticed a phantom
  2714 | D:4      | Killed a phantom
  3019 | D:4      | Reached XP level 6. HP: 34/34 MP: 12/15
  3484 | D:4      | Noticed Menkaure
  3491 | D:4      | Killed Menkaure
  3492 | D:4      | Reached skill level 5 in Spellcasting
  3756 | D:5      | Entered Level 5 of the Dungeon
  3762 | D:5      | Reached skill level 5 in Earth Magic
  3762 | D:5      | Reached XP level 7. HP: 38/38 MP: 13/16
  3933 | D:5      | Found a stormy altar of Qazlal.
  4123 | D:5      | Found a staircase to the Ecumenical Temple.
  4150 | Temple   | Entered the Ecumenical Temple
  4158 | Temple   | Became a worshipper of Vehumet
  4573 | D:5      | Found Koask's Magic Scroll Emporium.
  4581 | D:5      | Bought a scroll of identify for 22 gold pieces
  4581 | D:5      | Bought a scroll of identify for 22 gold pieces
  4581 | D:5      | Bought a scroll of butterflies for 44 gold pieces
  4581 | D:5      | Bought a scroll of identify for 22 gold pieces
  4581 | D:5      | Bought a scroll of noise for 11 gold pieces
  4765 | D:6      | Noticed a steam dragon
  4770 | D:6      | Killed a steam dragon
  4771 | D:6      | Reached skill level 6 in Spellcasting
  4771 | D:6      | Reached skill level 5 in Conjurations
  4771 | D:6      | Reached XP level 8. HP: 43/43 MP: 5/19
  5247 | D:6      | Identified a scroll of acquirement
  5248 | D:6      | Acquired a +3 demon blade of freezing
  5321 | D:6      | Found Wasamp's Gadget Gallery.
  5330 | D:6      | Bought a wand of roots (2) for 52 gold pieces
  5540 | D:6      | Noticed a gargoyle
  5551 | D:6      | Killed a gargoyle
  5552 | D:6      | Reached skill level 1 in Long Blades
  5552 | D:6      | Reached skill level 7 in Spellcasting
  5697 | D:7      | Identified the +1 robe "Siot Tadd" {*Corrode +Blink Int+5
                  | Stlth+}
  5713 | D:7      | Learned a level 3 spell: Frozen Ramparts
  5717 | D:7      | Learned a level 3 spell: Ignite Poison
  5742 | D:7      | Reached skill level 1 in Fire Magic
  5742 | D:7      | Reached skill level 1 in Ice Magic
  5742 | D:7      | Reached XP level 9. HP: 47/47 MP: 14/22
  5803 | D:7      | Noticed a two-headed ogre
  5811 | D:7      | Killed a two-headed ogre
  5815 | D:7      | Noticed a troll
  5832 | D:7      | Noticed a two-headed ogre
  5837 | D:7      | Noticed a skeletal warrior
  5841 | D:7      | Killed a troll
  5842 | D:7      | Reached skill level 8 in Spellcasting
  6253 | D:7      | Reached * piety under Vehumet
  6253 | D:7      | Offered knowledge of Foxfire by Vehumet.
  6276 | D:7      | Identified the +1 mace "Qigix" {speed, rN+}
  6491 | D:7      | Identified the +0 scimitar "Xebefrei" {holy, rPois Str+3
                  | Dex+2}
  6500 | D:7      | Reached XP level 10. HP: 52/52 MP: 16/24
  6633 | D:7      | Noticed Maggie
  6643 | D:7      | Killed Maggie
  7099 | D:7      | Reached skill level 9 in Spellcasting
  7261 | D:7      | Reached ** piety under Vehumet
  7261 | D:7      | Offered knowledge of Poisonous Vapours by Vehumet.
  7346 | D:7      | Killed a two-headed ogre
  8150 | D:7      | Acquired 1124 gold pieces
  8823 | D:8      | Noticed a manticore
  8823 | D:8      | Noticed a cane toad
  8823 | D:8      | Noticed a skeletal warrior
  8825 | D:8      | Found a runed translucent door.
  8827 | D:8      | Noticed a brown ugly thing
  8827 | D:8      | Noticed a cyclops
  8827 | D:8      | Noticed an orc knight
  9059 | D:9      | Identified the +0 helmet "Toykuxko" {Dex+5}
  9204 | D:9      | Reached skill level 1 in Evocations
  9309 | D:9      | Found a staircase to the Lair.
  9519 | D:9      | Learned a level 2 spell: Poisonous Vapours
  9524 | D:9      | Learned a level 4 spell: Iskenderun's Mystic Blast
  9543 | D:9      | Reached skill level 1 in Translocations
  9796 | D:9      | Reached skill level 10 in Spellcasting
  9796 | D:9      | Offered knowledge of Searing Ray by Vehumet.
  9797 | D:9      | Reached XP level 11. HP: 58/58 MP: 23/27
  9964 | D:9      | Reached *** piety under Vehumet
 10014 | D:10     | Entered Level 10 of the Dungeon
 10019 | D:10     | Noticed a two-headed ogre
 10028 | D:10     | Killed a two-headed ogre
 10785 | D:10     | Found a shimmering blue altar of Sif Muna.
 11137 | D:10     | Found a glowing golden altar of the Shining One.
 11137 | D:10     | Found a sacrificial altar of Ru.
 11230 | D:10     | Found a sparkling altar of Nemelex Xobeh.
 11231 | D:10     | Found a shadowy altar of Dithmenos.
 11309 | D:11     | Noticed a two-headed ogre
 11328 | D:11     | Offered knowledge of Airstrike by Vehumet.
 11337 | D:11     | Killed a two-headed ogre
 11519 | D:11     | Reached skill level 5 in Dodging
 11679 | D:11     | Noticed Lodul
 11696 | D:11     | Killed Lodul
 11707 | D:11     | Reached skill level 11 in Spellcasting
 11948 | D:11     | Noticed Harold
 11957 | D:11     | Killed Harold
 12165 | D:11     | Noticed a sun demon
 12173 | D:11     | Killed a sun demon
 12516 | D:11     | Reached **** piety under Vehumet
 13004 | D:12     | Reached skill level 5 in Translocations
 13246 | D:12     | Noticed a boulder beetle
 13254 | D:12     | Reached XP level 12. HP: 66/66 MP: 27/29
 13261 | D:12     | Killed a boulder beetle
 13354 | D:12     | Noticed a two-headed ogre
 13360 | D:12     | Killed a two-headed ogre
 13361 | D:12     | Reached skill level 12 in Spellcasting
 13458 | D:12     | Found a staircase to the Orcish Mines.
 13521 | D:12     | Noticed a two-headed ogre
 13526 | D:12     | Killed a two-headed ogre
 13700 | D:12     | Noticed a two-headed ogre
 13704 | D:12     | Killed a two-headed ogre
 14639 | D:13     | Noticed a two-headed ogre
 14644 | D:13     | Killed a two-headed ogre
 14684 | D:13     | Noticed an ironbound preserver
 14685 | D:13     | Offered knowledge of Lee's Rapid Deconstruction by Vehumet.
 14688 | D:13     | Reached skill level 10 in Earth Magic
 14696 | D:13     | Killed an ironbound preserver
 14697 | D:13     | Reached skill level 10 in Conjurations
 15001 | D:13     | Noticed a four-headed hydra
 15006 | D:13     | Killed a four-headed hydra
 15007 | D:13     | Reached skill level 13 in Spellcasting
 15202 | D:13     | Noticed an eight-headed hydra
 15206 | D:13     | Killed an eight-headed hydra
 15269 | D:13     | Noticed a centaur warrior
 15274 | D:13     | Killed a centaur warrior
 15486 | D:13     | Noticed a catoblepas
 15497 | D:13     | Killed a catoblepas
 15852 | D:13     | Found a gate to the Vaults.
 15983 | D:13     | Identified the +0 robe of the Vacuum {+Blink Str+3 Slay+3
                  | SInv}
 16306 | D:13     | Reached XP level 13. HP: 70/70 MP: 32/32
 16635 | D:13     | Found a glowing silver altar of Zin.
 16636 | D:13     | Noticed an angel
 16751 | D:13     | Learned a level 6 spell: Starburst
 16809 | D:14     | Reached skill level 5 in Fire Magic
 17664 | D:14     | Found a white marble altar of Elyvilon.
 17715 | D:14     | Found a blossoming altar of Fedhas.
 17744 | D:14     | Reached skill level 14 in Spellcasting
 17753 | D:14     | Learned a level 5 spell: Fireball
 17920 | D:14     | Reached skill level 5 in Fighting
 18642 | D:15     | Entered Level 15 of the Dungeon
 18645 | D:15     | Reached ***** piety under Vehumet
 18645 | D:15     | Offered knowledge of Flame Wave by Vehumet.
 18957 | D:15     | Found a gate leading to a gauntlet.
 19185 | D:15     | Engulfed by a cloud of flame

Illustrated notes

Levels and vault maps discovered:
D:1:      lightli_arrival_statue_moat, layout_loops_ring
D:2:      minmay_spotlight, layout_loops_ring
D:3:      layout_loops_ring, serial_shops, shop, corexii_hall_statues_l,
          uniq_crazy_yiuf_cottage
D:4:      layout_gridville, eino_tiny_chamber, minmay_misc_feat_five,
          uniq_menkaure
D:5:      layout_rooms, mainiacjoe_overflow_chevrons,
          minmay_temple_entry_antechambers, serial_shops, shop, grunt_decor_cap,
          grunt_decor_fettered
D:6:      hangedman_cross_stitches, layout_cave_pools, grunt_decor_one_mirror,
          nicolae_shop_gadgets
D:7:      minmay_the_grid_octo_2x2 [minmay_the_grid_octo_checkerflower,
          minmay_the_grid_octo_focus, minmay_the_grid_octo_odd_swirl,
          minmay_the_grid_octo_prize_square_snowflake], layout_basic,
          uniq_maggie
D:8:      minmay_gate_of_8, layout_cave_pools, kennysheep_small_circle
D:9:      layout_basic, lair_entry_dummy, st_stairs_6, nrook_mini_backslash,
          feat_on_display
D:10:     layout_loops_ring, lemuel_doored_altar,
          gammafunk_temple_overflow_pools, gammafunk_temple_overflow_statue
D:11:     layout_basic, serial_demonic, serial_demonic_g, serial_demonic_e,
          serial_demonic_g, serial_demonic_f, serial_demonic_b,
          serial_demonic_c, lemuel_flamethrower_hall, uniq_harold, uniq_lodul
D:12:     layout_big_octagon, orc_0_dummy, chequers_serial_rivers_small_3
D:13:     layout_grid_maze, skrybe_vaults_entry_preservation, zin_angel
D:14:     layout_basic, elyvilon_altar_1, fedhas_altar_1
D:15:     gammafunk_depths_entry_grave, layout_small_grid, minmay_crystal_water,
          gauntlet_entry_generic, guppyfry_shop_blood
Temple:   lightli_temple_of_artemis

Skill      XL: |  1  2  3  4  5  6  7  8  9 10 11 12 13 |
---------------+----------------------------------------+-----
Fighting       | 1 2 4 5 |  5.6
Spellcasting   | 4 5 6 7 8 10 11 13 14 | 14.7
Earth Magic    | 4 5 6 7 8 9 10 | 10.7
Conjurations   | 1 2 3 5 6 7 8 10 | 10.6
Air Magic      | 1 2 3 |  3.5
Poison Magic   | 1 2 3 4 |  4.0
Long Blades    | 2 3 4 |  4.6
Fire Magic     | 1 3 4 7 |  7.2
Ice Magic      | 1 3 4 |  4.9
Evocations     | 2 4 |  4.6
Dodging        | 3 5 |  5.9
Translocations | 1 5 7 |  7.9
Stealth        | |  2.4
Transmutations | |  1.1

Action                     |  1- 3 |  4- 6 |  7- 9 | 10-12 | 13-15 || total
---------------------------+-------+-------+-------+-------+-------++-------
  Melee: Demon blade       |       |       |    37 |    27 |       ||    64
         Punch             |       |       |     1 |       |       ||     1
   Cast: Sandblast         |    54 |    48 |    52 |    16 |       ||   170
         Stone Arrow       |       |       |    55 |   193 |    48 ||   296
         Mephitic Cloud    |       |       |     7 |    29 |     8 ||    44
         Frozen Ramparts   |       |       |     1 |    20 |     7 ||    28
         Ignite Poison     |       |       |       |    31 |    18 ||    49
         Iskenderun's Myst |       |       |       |    13 |    11 ||    24
         Poisonous Vapours |       |       |       |    31 |    29 ||    60
         Fireball          |       |       |       |       |     4 ||     4
Ability: Evoke Blink       |       |       |       |       |     2 ||     2
  Evoke: Wand              |       |       |       |    14 |       ||    14
    Use: Scroll            |     2 |       |    14 |    11 |     2 ||    29
         Potion            |       |     2 |     3 |     2 |     1 ||     8
   Stab: Confused          |       |       |     1 |     2 |       ||     3
         Invisible         |       |       |     1 |       |       ||     1
 Armour: Robe              |     4 |       |    11 |    15 |     9 ||    39
  Dodge: Dodged            |     9 |    17 |    96 |    80 |    25 ||   227
